 Dungeon Crawl Stone Soup version 0.30-a0-304-gdc4b735fe1 (webtiles) character file.

Game seed: 15951109896215780427

2345 purpskrrrp the Magician (level 9, -2/66 HPs)
             Began as a Gnoll Air Elementalist on Oct 20, 2022.
             Was a Priest of Qazlal.
             Killed by divine providence
             ... invoked by an orc priest
              (12 damage)
             ... on level 7 of the Dungeon.
             The game lasted 00:15:41 (7749 turns).

purpskrrrp the Magician (Gnoll Air Elementalist)    Turns: 7749, Time: 00:15:41

Health: -2/66      AC:  7    Str:  4    XL:     9   Next: 43%
Magic:  0/19       EV: 14    Int: 24    God:    Qazlal [***...]
Gold:   347        SH:  3    Dex: 14    Spells: 8/21 levels left

rFire   + . .      SeeInvis +    g - +1 dagger (speed)
rCold   + . .      Faith    .    (no shield)
rNeg    . . .      Spirit   .    n - +5 robe of the Hall of Blades {Str-3 Int+6}
rPois   +          Reflect  .    (no helmet)
rElec   .          Harm     .    k - scarf {rC+ rF+}
rCorr   .          Rampage  .    (no gloves)
Will    .....                    (no boots)
Stlth   ++........               (no amulet)
HPRegen 0.31/turn                j - ring of poison resistance
MPRegen 0.16/turn                i - ring of see invisible

@: swift, hasted, very quick
A: fangs 1, strong nose, distributed training
a: Renounce Religion, Upheaval, Elemental Force


You were on level 7 of the Dungeon.
You worshipped Qazlal.
Qazlal was most pleased with you.
You visited 1 branch of the dungeon, and saw 7 of its levels.

You collected 347 gold pieces.

Inventory:

Hand Weapons
 g - a +1 dagger of speed (weapon)
Missiles
 d - 3 boomerangs
Armour
 a - a +0 robe
 e - the +1 ring mail of Stoicism {rN+ Will+}
   (You found it on level 3 of the Dungeon)

   rN:        It protects you from negative energy.
   Will:      It increases your willpower.
 k - a scarf of resistance (worn)
 n - the +5 robe of the Hall of Blades (worn) {Str-3 Int+6}
   (You found it on level 4 of the Dungeon)

   Str:       It affects your strength (-3).
   Int:       It affects your intelligence (+6).
Jewellery
 i - a ring of see invisible (right hand)
 j - a ring of poison resistance (left hand)
Wands
 l - a wand of digging (6)
 m - a wand of charming (9)
 o - a wand of mindburst (9)
 y - a wand of flame (33)
Scrolls
 f - 2 scrolls of vulnerability
 p - a scroll of identify
Potions
 b - a potion of magic
 c - a potion of haste
 h - a potion of cancellation
 q - 2 potions of resistance {unknown}
 r - a potion of brilliance {unknown}
 t - 3 potions of flight
 u - a potion of attraction {unknown}
 w - a potion of lignification {unknown}
 x - a potion of degeneration {unknown}


   Skills:
 + Level 4.4 Fighting
 + Level 4.4 Short Blades
 + Level 4.4 Long Blades
 + Level 4.4 Axes
 + Level 4.4 Maces & Flails
 + Level 4.4 Polearms
 + Level 4.4 Staves
 + Level 4.4 Ranged Weapons
 + Level 4.4 Throwing
 + Level 4.4 Armour
 + Level 6.4 Dodging
 + Level 6.1 Stealth
 + Level 4.4 Shields
 + Level 4.4 Unarmed Combat
 + Level 6.7 Spellcasting
 + Level 4.2 Conjurations
 + Level 3.6 Hexes
 + Level 3.6 Summonings
 + Level 3.6 Necromancy
 + Level 3.6 Translocations
 + Level 3.6 Transmutations
 + Level 3.6 Fire Magic
 + Level 3.6 Ice Magic
 + Level 6.6 Air Magic
 + Level 3.6 Earth Magic
 + Level 3.6 Poison Magic
 + Level 4.8 Invocations
 + Level 4.4 Evocations


You had 8 spell levels left.
You knew the following spells:

 Your Spells              Type           Power      Damage    Failure   Level
a - Shock                 Conj/Air       100%       1d9       1%          1
b - Swiftness             Air            40%        N/A       1%          3
c - Airstrike             Air            20%        2d(3-19)  4%          4
d - Lightning Bolt        Conj/Air       17%        1d31      22%         5

Your spell library contained the following spells:

 Spells                   Type           Power      Damage    Failure   Level
 Cigotuvi's Dreadful Rot  Necr/Pois/Air  60%        N/A       1%          2
 Static Discharge         Conj/Air       68%        2-5/arc   1%          2
 Summon Lightning Spire   Summ/Air       32%        N/A       9%          4
 Dispel Undead            Necr           25%        3d12      17%         4
 Death Channel            Necr           12%        N/A       95%         6


Dungeon Overview and Level Annotations

Branches:
Dungeon (7/15)             Temple (0/1) D:4

Altars:
Makhleb
Qazlal
Ru
Xom
Zin
The Shining One

Annotations:
D:5 Edmund


Innate Abilities, Weirdness & Mutations

You have very sharp teeth.
Your uncanny sense of smell can sniff out nearby items.
Your experience applies equally to all skills.


Message History

Aim: an orc, wielding a +0 club (74% to hit)
The zap hits the orc warrior.
The orc warrior is almost dead.
The zap hits the orc wizard.
The orc wizard is moderately wounded.
The zap hits the orc.
The orc is severely wounded.
The zap hits the orc!
You kill the orc!
Qazlal accepts your kill.
Aiming: Shock (safe; 1% risk of failure)
Press: ? - help, Q - select action, (/) - cycle Shift-Dir - straight line, f - orc wizard
Aim: an orc wizard, wielding a +0 dagger and wearing a +0 robe (moderately wounded, slightly transparent, 67% to hit)
The zap hits the orc warrior!
You kill the orc warrior!
Qazlal accepts your kill.
The zap hits the orc wizard.
The orc wizard is heavily wounded.
An orc priest comes into view. It is wielding a +0 hand axe.
Aiming: Shock (safe; 1% risk of failure)
Press: ? - help, Q - select action, (/) - cycle Shift-Dir - straight line, f - orc priest, p - orc wizard
Aim: an orc priest, wielding a +0 hand axe and wearing a +0 leather armour (74% to hit)
The zap hits the orc wizard.
The orc wizard is almost dead.
The zap hits the orc priest.
The orc priest is lightly wounded.
The zap hits the orc priest!
The orc priest is severely wounded.
Aiming: Shock (safe; 1% risk of failure)
Press: ? - help, Q - select action, (/) - cycle Shift-Dir - straight line, f/p - orc priest
Aim: an orc priest, wielding a +0 hand axe and wearing a +0 leather armour (severely wounded, 74% to hit)
The zap hits the orc wizard.
You kill the orc wizard!
Qazlal accepts your kill.
The zap hits the orc priest.
The orc priest is severely wounded.
The zap misses the orc priest.
The orc priest calls down the wrath of Beogh upon you.
Beogh smites you!
You die...

#.##.####..#.###..# #.
#.##.####..#.### #
...o###..............#
......o)).....##.###.#
..####.##........##.#
#.#####.##..##.# #.)#
#.##.(##.#
#..####.##..##.#
#.°@.....>..##.#
##.####........#
#.####..########
#...............
######...######
###.###.# ... #.#
###.###.#
##...#######..


You could see an orc priest.

Vanquished Creatures
  Eustachio (D:5)
  2 yaks (D:6)
  A water moccasin (D:5)
  An orc warrior (D:7)
  4 ogres
  Blork the orc (D:5)
  A bullfrog (D:6)
  2 scorpions (D:6)
  4 necrophages
  2 howler monkeys
  A crimson imp (D:6)
  A gnoll bouda (D:4)
  5 hounds (D:5)
  A jelly (D:7)
  2 orc priests
  4 iguanas
  6 orc wizards
  A hound skeleton (D:4)
  9 gnolls
  5 adders
  A white imp (D:6)
  A worm (D:2)
  4 dart slugs
  19 orcs
  2 bats
  6 endoplasms
  2 giant cockroaches (D:1)
  5 goblins
  4 hobgoblins
  3 jackals (D:3)
  7 quokkas
  5 ball pythons
  3 frilled lizards (D:3)
  A goblin skeleton (D:6)
  2 goblin zombies (D:6)
  2 hobgoblin zombies (D:6)
  12 kobolds
  2 kobold skeletons (D:6)
  A kobold zombie (D:6)
  2 orc skeletons (D:6)
  3 orc zombies (D:6)
  3 rats (D:1)
144 creatures vanquished.

Vanquished Creatures (others)
  11 fungi (D:5)
11 creatures vanquished.

Grand Total: 155 creatures vanquished

Notes
Turn   | Place    | Note
-------+----------+-------------------------------------------
     0 | D:1      | purpskrrrp the Gnoll Air Elementalist began the quest for
                  | the Orb.
     0 | D:1      | Reached XP level 1. HP: 13/13 MP: 6/6
   212 | D:1      | Reached XP level 2. HP: 19/19 MP: 2/7
   725 | D:1      | Reached skill level 5 in Spellcasting
   725 | D:1      | Reached XP level 3. HP: 25/25 MP: 4/9
  1275 | D:1      | Reached skill level 1 in Invocations
  1493 | D:2      | Reached skill level 1 in Fighting
  1493 | D:2      | Reached skill level 1 in Short Blades
  1493 | D:2      | Reached skill level 1 in Long Blades
  1493 | D:2      | Reached skill level 1 in Axes
  1493 | D:2      | Reached skill level 1 in Maces & Flails
  1493 | D:2      | Reached skill level 1 in Polearms
  1493 | D:2      | Reached skill level 1 in Staves
  1493 | D:2      | Reached skill level 1 in Ranged Weapons
  1493 | D:2      | Reached skill level 1 in Throwing
  1493 | D:2      | Reached skill level 1 in Armour
  1493 | D:2      | Reached skill level 1 in Shields
  1493 | D:2      | Reached skill level 1 in Unarmed Combat
  1493 | D:2      | Reached skill level 1 in Evocations
  1653 | D:2      | Reached XP level 4. HP: 32/32 MP: 4/11
  1962 | D:2      | Reached skill level 1 in Hexes
  1962 | D:2      | Reached skill level 1 in Summonings
  1962 | D:2      | Reached skill level 1 in Necromancy
  1962 | D:2      | Reached skill level 1 in Translocations
  1962 | D:2      | Reached skill level 1 in Transmutations
  1962 | D:2      | Reached skill level 1 in Fire Magic
  1962 | D:2      | Reached skill level 1 in Ice Magic
  1962 | D:2      | Reached skill level 1 in Earth Magic
  1962 | D:2      | Reached skill level 1 in Poison Magic
  2317 | D:3      | Found a sacrificial altar of Ru.
  2374 | D:3      | Identified the +1 ring mail of Stoicism {rN+ Will+}
  2808 | D:3      | Found a faded altar of an unknown god.
  3051 | D:3      | Prayed at the altar of an unknown god.
  3051 | D:3      | Became a worshipper of Qazlal Stormbringer
  3051 | D:3      | Reached * piety under Qazlal
  3127 | D:4      | Noticed an ogre
  3144 | D:4      | Killed an ogre
  3145 | D:4      | Reached XP level 5. HP: 27/38 MP: 3/12
  3242 | D:4      | Found a staircase to the Ecumenical Temple.
  3335 | D:4      | Found a glowing silver altar of Zin.
  3349 | D:4      | Reached XP level 6. HP: 27/44 MP: 1/13
  3353 | D:4      | Reached skill level 5 in Dodging
  3707 | D:4      | Found a burning altar of Makhleb.
  3895 | D:4      | Identified the +5 robe of the Hall of Blades {Str-3 Int+6}
  4157 | D:4      | Learned a level 3 spell: Swiftness
  4162 | D:4      | Learned a level 4 spell: Airstrike
  4180 | D:5      | Entered Level 5 of the Dungeon
  4247 | D:5      | Noticed Eustachio
  4272 | D:5      | Killed Eustachio
  4273 | D:5      | Reached XP level 7. HP: 12/51 MP: 7/15
  4602 | D:5      | Reached skill level 5 in Stealth
  4891 | D:5      | Found a shimmering altar of Xom.
  4894 | D:5      | Noticed Blork the orc
  4929 | D:5      | HP: 1/51 [Blork the orc/+0 trident (7)]
  4938 | D:5      | Killed Blork the orc
  4939 | D:5      | Reached XP level 8. HP: 7/58 MP: 3/16
  5011 | D:5      | Reached ** piety under Qazlal
  5210 | D:5      | Noticed Edmund
  6779 | D:6      | Reached XP level 9. HP: 24/65 MP: 13/18
  6920 | D:6      | Learned a level 5 spell: Lightning Bolt
  6976 | D:6      | Found a glowing golden altar of the Shining One.
  7686 | D:7      | Noticed a +0 dagger
  7687 | D:7      | Noticed a +0 hand axe
  7706 | D:7      | Reached *** piety under Qazlal
  7749 | D:7      | Killed from afar by an orc priest

Illustrated notes

Levels and vault maps discovered:
D:1:      nicolae_arrival_somewhat_less_tricky_arrival, layout_loops_corners
D:2:      layout_rooms
D:3:      layout_basic, lemuel_crystal_altar, serial_curves, eino_curves_03,
          eino_curves_04, shapermc_ecumenical_altar_ellora
D:4:      layout_cave_pools, lemuel_doored_altar, makhleb_blood_cavern_becter,
          minmay_temple_entry_mist, grunt_decor_junction
D:5:      layout_basic, mainiacjoe_overflow_paths, minmay_misc_feat_ornament,
          dk_noncrumbling_3, grunt_ministairs_2, dreamdust_gnoll_farm,
          uniq_blork_the_orc, uniq_eustachio, uniq_edmund
D:6:      layout_cave_pools, nicolae_tso_besieged_by_evil, minmay_three_doors
D:7:      layout_loops_ring, grunt_dithmenos_shadows, dancing_weapons_uskayaw,
          minmay_unpleasant_kobolds

Skill      XL: |  1  2  3  4  5  6  7  8  9 |
---------------+----------------------------+-----
Conjurations   | 2 3 4 |  4.2
Spellcasting   | 5 6 |  6.7
Invocations    | 1 2 3 4 |  4.8
Fighting       | 1 2 3 4 |  4.4
Short Blades   | 1 2 3 4 |  4.4
Long Blades    | 1 2 3 4 |  4.4
Axes           | 1 2 3 4 |  4.4
Maces & Flails | 1 2 3 4 |  4.4
Polearms       | 1 2 3 4 |  4.4
Staves         | 1 2 3 4 |  4.4
Ranged Weapons | 1 2 3 4 |  4.4
Throwing       | 1 2 3 4 |  4.4
Armour         | 1 2 3 4 |  4.4
Shields        | 1 2 3 4 |  4.4
Unarmed Combat | 1 2 3 4 |  4.4
Evocations     | 1 2 3 4 |  4.4
Hexes          | 1 2 3 |  3.6
Summonings     | 1 2 3 |  3.6
Necromancy     | 1 2 3 |  3.6
Translocations | 1 2 3 |  3.6
Transmutations | 1 2 3 |  3.6
Fire Magic     | 1 2 3 |  3.6
Ice Magic      | 1 2 3 |  3.6
Earth Magic    | 1 2 3 |  3.6
Poison Magic   | 1 2 3 |  3.6
Dodging        | 5 6 |  6.4
Stealth        | 5 6 |  6.1
Air Magic      | 6 |  6.6

Action                   |  1- 3 |  4- 6 |  7- 9 || total
-------------------------+-------+-------+-------++-------
Melee: Unarmed           |    10 |       |       ||    10
       Dagger            |     3 |   137 |   303 ||   443
       Bite              |       |    20 |    33 ||    53
       Punch             |       |     5 |    10 ||    15
 Cast: Shock             |    63 |    78 |   171 ||   312
       Airstrike         |       |       |     6 ||     6
       Swiftness         |       |       |     2 ||     2
  Use: Scroll            |       |    10 |     6 ||    16
       Potion            |       |     1 |     3 ||     4
Armor: Robe              |     1 |     3 |    40 ||    44
       Ring mail         |       |    16 |       ||    16
Dodge: Dodged            |     7 |    40 |   124 ||   171
Block: Other             |       |     4 |    13 ||    17

Table legend: (Time is in decaauts)
 A = Elapsed time spent in this place.
 B = Non-inter-level travel time spent in this place.
 C = Inter-level travel time spent in this place.
 D = Time resting spent in this place.
 E = Time spent auto-exploring this place.
 F = Levels seen in this place.
 G = Mean time per level.
                   A        B        C        D        E       F      G
               +--------+--------+--------+--------+--------+-----+--------+
         Total |   7549 |   7263 |    286 |    873 |   5381 |   7 | 1078.4 |
       Dungeon |   7549 |   7263 |    286 |    873 |   5381 |   7 | 1078.4 |
               +--------+--------+--------+--------+--------+-----+--------+

Top non-repeatable levels by time:
     D:5: 1917 daAuts
     D:1: 1471 daAuts
     D:6: 1344 daAuts
     D:4: 1098 daAuts
     D:2: 830 daAuts
     D:3: 762 daAuts
     D:7: 124 daAuts
